TOP OF THE 1ST |
Waterbury Rough Riders batting - Pitching for Lynn Sailors : RHP Donald Cline
|
Pitching: RHP Donald Cline
|
|
Batting: RHB David Corman
|
0-0: Ball 1-0: Called Strike 1-1: SINGLE (Groundball, 4MD, EV 110.6 MPH)
|
Batting: RHB Jack Fimple
|
0-0: Ball 1-0: Ball 2-0: Called Strike 2-1: Ball 3-1: Called Strike 3-2: Fly out, F4 (Popup, 3, EV 68.1 MPH)
|
Batting: RHB Billy Beane
|
0-0: Called Strike 0-1: Called Strike David Corman is caught stealing 2nd base 2-4 0-2: Strikes out swinging
|
Top of the 1st over - 0 runs, 1 hit, 0 errors, 0 left on base; Waterbury 0 - Lynn 0 |
BOTTOM OF THE 1ST |
Lynn Sailors batting - Pitching for Waterbury Rough Riders : RHP Steve Smith
|
Pitching: RHP Steve Smith
|
|
Batting: RHB Ron Wotus
|
0-0: Ball 1-0: Ball 2-0: Foul Ball, location: 2F 2-1: Called Strike 2-2: Foul Ball, location: 2F 2-2: Ball 3-2: DOUBLE (Line Drive, 78D, EV 113.8 MPH)
|
Batting: RHB Jorge Hinojosa
|
0-0: Ball 1-0: Called Strike Ron Wotus steals 3rd base 1-1: Called Strike 1-2: Fly out, F9 (Flyball, 89XD, EV 108.8 MPH) Runner from 3rd tags up, SCORES, no throw by RF
|
Batting: RHB Mike Rubel
|
0-0: Ball 1-0: Ball 2-0: Called Strike 2-1: Foul Ball, location: 2F 2-2: DOUBLE (Groundball, 5L, EV 105.0 MPH)
|
Batting: RHB Ken Gerhart
|
0-0: Ball 1-0: Foul Ball, location: 2F 1-1: Ball 2-1: Ground out 5-3 (Groundball, 5S, EV 85.6 MPH)
|
Batting: RHB Mike Reddish
|
0-0: Ball 1-0: Called Strike 1-1: Foul Ball, location: 2F 1-2: Ball 2-2: Strikes out swinging, 2-3 out at first.
|
Bottom of the 1st over - 1 run, 2 hits, 0 errors, 1 left on base; Waterbury 0 - Lynn 1 |
TOP OF THE 2ND |
Waterbury Rough Riders batting - Pitching for Lynn Sailors : RHP Donald Cline
|
Batting: RHB Junior Ortiz
|
0-0: Called Strike 0-1: Ball 1-1: Called Strike 1-2: SINGLE (Groundball, 6MD, EV 98.1 MPH)
|
Batting: LHB David Blume
|
0-0: Ball 1-0: Foul Ball, location: 2F 1-1: SINGLE (Line Drive, 56D, EV 97.5 MPH) Junior Ortiz to second
|
Batting: SHB Paul Gbur
|
0-0: Called Strike 0-1: Foul Ball, location: 2F 0-2: Strikes out swinging
|
Batting: LHB Wilson Tucker
|
0-0: Ball 1-0: Swinging Strike 1-1: Swinging Strike 1-2: Ball 2-2: Foul Ball, location: 2F 2-2: Fielders Choice at 2nd, 6-4 (Groundball, 6, EV 97.5 MPH) Junior Ortiz to third
|
Batting: RHB Enrique Collado
|
0-0: Ball 1-0: Ball 2-0: Called Strike 2-1: Foul Ball, location: 2F 2-2: SINGLE (Line Drive, 9S, EV 95.6 MPH) Junior Ortiz scores Wilson Tucker to second Runner from 2nd tries for 3rd, SAFE, throw by RF made to third
|
Batting: RHB Jose Quiroz
|
0-0: Called Strike 0-1: Ball 1-1: Ball 2-1: Ball Enrique Collado steals 2nd base 3-1: Foul Ball, location: 2F 3-2: Base on Balls
|
Batting: RHB David Corman
|
0-0: Called Strike 0-1: Ball 1-1: Foul Ball, location: 2F 1-2: Ball 2-2: Foul Ball, location: 2F 2-2: Foul Ball, location: 2F 2-2: Ball 3-2: Strikes out looking
|
Top of the 2nd over - 1 run, 3 hits, 0 errors, 3 left on base; Waterbury 1 - Lynn 1 |
BOTTOM OF THE 2ND |
Lynn Sailors batting - Pitching for Waterbury Rough Riders : RHP Steve Smith
|
Batting: RHB Ted Trevino
|
0-0: Ball 1-0: Fly out, F7 (Flyball, 7D, EV 94.4 MPH)
|
Batting: RHB Vinny Jaramillo
|
0-0: Ball 1-0: Fly out, F7 (Line Drive, 7, EV 97.5 MPH)
|
Batting: SHB Danny Gans
|
0-0: Swinging Strike 0-1: Ball 1-1: Ball 2-1: Called Strike 2-2: Strikes out swinging
|
Bottom of the 2nd over - 0 runs, 0 hits, 0 errors, 0 left on base; Waterbury 1 - Lynn 1 |
TOP OF THE 3RD |
Waterbury Rough Riders batting - Pitching for Lynn Sailors : RHP Donald Cline
|
Batting: RHB Jack Fimple
|
0-0: Ball 1-0: Called Strike 1-1: Fly out, F3 (Flyball, 3D, EV 96.3 MPH)
|
Batting: RHB Billy Beane
|
0-0: Swinging Strike 0-1: Called Strike 0-2: Ball 1-2: Ball 2-2: Strikes out swinging
|
Batting: RHB Junior Ortiz
|
0-0: Ball 1-0: Ground out 6-3 (Groundball, 6, EV 87.5 MPH)
|
Top of the 3rd over - 0 runs, 0 hits, 0 errors, 0 left on base; Waterbury 1 - Lynn 1 |
BOTTOM OF THE 3RD |
Lynn Sailors batting - Pitching for Waterbury Rough Riders : RHP Steve Smith
|
Batting: RHB Ezequiel Carrasco
|
0-0: Ball 1-0: Ball 2-0: Ball 3-0: Called Strike 3-1: Fly out, F8 (Flyball, 8LXD, EV 96.9 MPH)
|
Batting: RHB Ron Wotus
|
0-0: Ball 1-0: Called Strike 1-1: Swinging Strike 1-2: Ball 2-2: Strikes out looking
|
Batting: RHB Jorge Hinojosa
|
0-0: SINGLE (Line Drive, 89S, EV 99.4 MPH)
|
Batting: RHB Mike Rubel
|
0-0: Ball Jorge Hinojosa is caught stealing 2nd base 2-4
|
Bottom of the 3rd over - 0 runs, 1 hit, 0 errors, 0 left on base; Waterbury 1 - Lynn 1 |
TOP OF THE 4TH |
Waterbury Rough Riders batting - Pitching for Lynn Sailors : RHP Donald Cline
|
Batting: LHB David Blume
|
0-0: Foul Ball, location: 2F 0-1: Fly out, F7 (Line Drive, 7D, EV 92.5 MPH)
|
Batting: SHB Paul Gbur
|
0-0: Called Strike 0-1: Swinging Strike 0-2: SINGLE (Line Drive, 34D, EV 96.3 MPH)
|
Batting: LHB Wilson Tucker
|
0-0: Ball 1-0: Ball 2-0: Foul Ball, location: 2F 2-1: Foul Ball, location: 2F 2-2: SINGLE (Line Drive, 8LS, EV 101.9 MPH) Paul Gbur to second
|
Batting: RHB Enrique Collado
|
0-0: Called Strike 0-1: Ball 1-1: Ball Paul Gbur steals 3rd base Wilson Tucker to second 2-1: Foul Ball, location: 2F 2-2: Ground out U3 (Groundball, 3L, EV 90.0 MPH)
|
Batting: RHB Jose Quiroz
|
0-0: Ball 1-0: Ball 2-0: Called Strike 2-1: Called Strike 2-2: Ball 3-2: Fly out, F3 (Popup, 3, EV 73.8 MPH)
|
Top of the 4th over - 0 runs, 2 hits, 0 errors, 2 left on base; Waterbury 1 - Lynn 1 |
BOTTOM OF THE 4TH |
Lynn Sailors batting - Pitching for Waterbury Rough Riders : RHP Steve Smith
|
Batting: RHB Mike Rubel
|
0-0: Ball 1-0: Ball 2-0: Called Strike 2-1: Foul Ball, location: 2F 2-2: Ball 3-2: Strikes out swinging
|
Batting: RHB Ken Gerhart
|
0-0: Ball 1-0: Called Strike 1-1: Foul Ball, location: 2F 1-2: SINGLE (Line Drive, 34D, EV 107.5 MPH)
|
Batting: RHB Mike Reddish
|
0-0: Called Strike Ken Gerhart steals 2nd base 0-1: Ball Ken Gerhart steals 3rd, throwing error, E2 Ken Gerhart scores 1-1: Ball 2-1: Foul Ball, location: 2F 2-2: Strikes out looking
|
Batting: RHB Ted Trevino
|
0-0: Called Strike 0-1: Ball 1-1: Ball 2-1: Foul Ball, location: 2F 2-2: Fly out, F8 (Flyball, 8LD, EV 85.6 MPH)
|
Bottom of the 4th over - 1 run, 1 hit, 1 error, 0 left on base; Waterbury 1 - Lynn 2 |
TOP OF THE 5TH |
Waterbury Rough Riders batting - Pitching for Lynn Sailors : RHP Donald Cline
|
Batting: RHB David Corman
|
0-0: Fly out, F9 (Line Drive, 9, EV 92.5 MPH)
|
Batting: RHB Jack Fimple
|
0-0: Ball 1-0: Foul Ball, location: 2F 1-1: Foul Ball, location: 2F 1-2: Foul Ball, location: 2F 1-2: Strikes out swinging
|
Batting: RHB Billy Beane
|
0-0: Ball 1-0: Called Strike 1-1: Fly out, F4 (Popup, 34, EV 51.3 MPH)
|
Top of the 5th over - 0 runs, 0 hits, 0 errors, 0 left on base; Waterbury 1 - Lynn 2 |
BOTTOM OF THE 5TH |
Lynn Sailors batting - Pitching for Waterbury Rough Riders : RHP Steve Smith
|
Batting: RHB Vinny Jaramillo
|
0-0: Ball 1-0: Fly out, F9 (Flyball, 89S, EV 85.0 MPH)
|
Batting: SHB Danny Gans
|
0-0: Called Strike 0-1: Ground out 3-1 (Groundball, 34, EV 76.9 MPH)
|
Batting: RHB Ezequiel Carrasco
|
0-0: Ball 1-0: Fly out, F9 (Flyball, 9, EV 81.9 MPH)
|
Bottom of the 5th over - 0 runs, 0 hits, 0 errors, 0 left on base; Waterbury 1 - Lynn 2 |
TOP OF THE 6TH |
Waterbury Rough Riders batting - Pitching for Lynn Sailors : RHP Donald Cline
|
Batting: RHB Junior Ortiz
|
0-0: Called Strike 0-1: Ball 1-1: Ball 2-1: SINGLE (Line Drive, 89S, EV 96.3 MPH)
|
Batting: LHB David Blume
|
0-0: Ball 1-0: Ball 2-0: Swinging Strike 2-1: Ball 3-1: Fly out, F8 (Flyball, 8LM, EV 84.4 MPH)
|
Batting: SHB Paul Gbur
|
0-0: Ball 1-0: Ball 2-0: Ball 3-0: Base on Balls Junior Ortiz to second
|
Batting: LHB Wilson Tucker
|
0-0: Called Strike 0-1: Ball 1-1: Called Strike 1-2: Fly out, F6 (Popup, 6S, EV 65.6 MPH)
|
Batting: RHB Enrique Collado
|
0-0: Called Strike 0-1: Ball 1-1: Ball 2-1: Foul Ball, location: 2F 2-2: Ball 3-2: Foul Ball, location: 2F 3-2: Fly out, F7 (Flyball, 7LS, EV 76.3 MPH)
|
Top of the 6th over - 0 runs, 1 hit, 0 errors, 2 left on base; Waterbury 1 - Lynn 2 |
BOTTOM OF THE 6TH |
Lynn Sailors batting - Pitching for Waterbury Rough Riders : RHP Steve Smith
|
Batting: RHB Ron Wotus
|
0-0: Fly out, F7 (Line Drive, 7D, EV 91.3 MPH)
|
Batting: RHB Jorge Hinojosa
|
0-0: Ball 1-0: Called Strike 1-1: Fly out, F6 (Flyball, 56D, EV 88.1 MPH)
|
Batting: RHB Mike Rubel
|
0-0: Called Strike 0-1: Foul Ball, location: 2F 0-2: Ball 1-2: Fly out, F9 (Line Drive, 9, EV 84.4 MPH)
|
Bottom of the 6th over - 0 runs, 0 hits, 0 errors, 0 left on base; Waterbury 1 - Lynn 2 |
TOP OF THE 7TH |
Waterbury Rough Riders batting - Pitching for Lynn Sailors : RHP Donald Cline
|
Pitching: RHP Tim Reynolds
|
|
Batting: RHB Jose Quiroz
|
0-0: Called Strike 0-1: Foul Ball, location: 2F 0-2: Ball 1-2: Ball 2-2: SINGLE (Flyball, 78S, EV 91.3 MPH)
|
Batting: RHB David Corman
|
0-0: Ball 1-0: Foul Ball, location: 2F 1-1: Fly out, F8 (Flyball, 78S, EV 76.9 MPH)
|
Batting: RHB Jack Fimple
|
0-0: Called Strike 0-1: Swinging Strike 0-2: Ball 1-2: Ball 2-2: Strikes out swinging
|
Batting: RHB Billy Beane
|
0-0: Ball 1-0: Foul Ball, location: 2F 1-1: Ball 2-1: Fly out, F8 (Line Drive, 8RM, EV 93.8 MPH)
|
Top of the 7th over - 0 runs, 1 hit, 0 errors, 1 left on base; Waterbury 1 - Lynn 2 |
BOTTOM OF THE 7TH |
Lynn Sailors batting - Pitching for Waterbury Rough Riders : RHP Steve Smith
|
Batting: RHB Ken Gerhart
|
0-0: Ball 1-0: Called Strike 1-1: Ball 2-1: Ball 3-1: Foul Ball, location: 2F 3-2: Ground out 5-3 (Groundball, 5S, EV 91.3 MPH)
|
Batting: RHB Mike Reddish
|
0-0: Ball 1-0: Ball 2-0: Called Strike 2-1: Fly out, F8 (Line Drive, 8RM, EV 98.1 MPH)
|
Batting: RHB Ted Trevino
|
0-0: Called Strike 0-1: Fly out, F6 (Flyball, 6MD, EV 78.1 MPH)
|
Bottom of the 7th over - 0 runs, 0 hits, 0 errors, 0 left on base; Waterbury 1 - Lynn 2 |
TOP OF THE 8TH |
Waterbury Rough Riders batting - Pitching for Lynn Sailors : RHP Tim Reynolds
|
Batting: RHB Junior Ortiz
|
0-0: Ground out 6-3 (Groundball, 6, EV 85.6 MPH)
|
Batting: LHB David Blume
|
0-0: Ball 1-0: Called Strike 1-1: Ball 2-1: Foul Ball, location: 2F 2-2: Ball 3-2: Strikes out looking
|
Batting: SHB Paul Gbur
|
0-0: Ball 1-0: Called Strike 1-1: Swinging Strike 1-2: Strikes out swinging, 2-3 out at first.
|
Top of the 8th over - 0 runs, 0 hits, 0 errors, 0 left on base; Waterbury 1 - Lynn 2 |
BOTTOM OF THE 8TH |
Lynn Sailors batting - Pitching for Waterbury Rough Riders : RHP Steve Smith
|
Batting: RHB Vinny Jaramillo
|
0-0: Ball 1-0: Foul Ball, location: 2F 1-1: Ball 2-1: Ball 3-1: Fly out, F2 (Popup, 3SF, EV 76.9 MPH)
|
Batting: SHB Danny Gans
|
0-0: Ground out 4-3 (Groundball, 4, EV 100.0 MPH)
|
Batting: RHB Ezequiel Carrasco
|
0-0: Called Strike 0-1: Called Strike 0-2: Fly out, F4 (Popup, 3S, EV 72.5 MPH)
|
Bottom of the 8th over - 0 runs, 0 hits, 0 errors, 0 left on base; Waterbury 1 - Lynn 2 |
TOP OF THE 9TH |
Waterbury Rough Riders batting - Pitching for Lynn Sailors : RHP Tim Reynolds
|
Pitching: RHP Mike Walters
|
|
Batting: LHB Wilson Tucker
|
0-0: Ball 1-0: Ball 2-0: Called Strike 2-1: Swinging Strike 2-2: Foul Ball, location: 2F 2-2: Ground out 4-3 (Groundball, 4M, EV 106.9 MPH)
|
Pinch Hitting: RHB Dave Wilder
|
0-0: Foul Ball, location: 2F 0-1: Ball 1-1: Swinging Strike 1-2: Foul Ball, location: 2F 1-2: Strikes out looking
|
Batting: RHB Jose Quiroz
|
0-0: Ball 1-0: Ball 2-0: Foul Ball, location: 2F 2-1: Foul Ball, location: 2F 2-2: Ball 3-2: Strikes out swinging
|
Top of the 9th over - 0 runs, 0 hits, 0 errors, 0 left on base; Waterbury 1 - Lynn 2 |
|